 Dungeon Crawl Stone Soup version 0.31-a0-1237-gabc64e778c (webtiles) character file.

Game seed: 3949181910652218512

338744 ParallaxScroll the Warrior (level 21, -2/212 (226) HPs)
             Began as an Ogre Venom Mage on Dec 9, 2023.
             Was the Champion of Vehumet.
             Killed from afar by a deep elf knight (13 damage)
             ... with a shard of ice
             ... while paralysed by a Zot trap
             ... on level 14 of the Dungeon on Dec 16, 2023.
             The game lasted 11:42:09 (82239 turns).

ParallaxScroll the Warrior (Ogre Venom Mage)       Turns: 82239, Time: 11:42:10

HP:   -2/212 (226)  AC: 20    Str: 18      XL:     21   Next: 94%
MP:   46/46         EV:  1    Int: 24 (26) God:    Vehumet [******]
Gold: 859           SH:  0    Dex:  7 (11) Spells: 0/44 levels left

rFire   + . .        a - staff of conjuration
rCold   + . .        e - +0 kite shield {rC+ rF+}
rNeg    . . .        n - quicksilver dragon scales
rPois   .            Q - +3 crown of Dyrovepreva {rElec Int+2 SInv}
rElec   +            s - +2 cloak
rCorr   .            (gloves unavailable)
SInv    +            (boots unavailable)
Will    ++...        f - amulet of reflection
Stlth   +            P - ring of Deonwid {Will+ Dex+2}
HPRegen 0.55/turn    z - ring of magical power
MPRegen 0.30/turn

%: reflection
@: paralysed, weak-willed, spiked, hasted and slowed, drained
A: large, unfitting armour, tough skin 1
}: 2/15 runes: serpentine, barnacled
a: Renounce Religion


You were on level 14 of the Dungeon.
You worshipped Vehumet.
Vehumet was exalted by your worship.
You visited 7 branches of the dungeon, and saw 35 of its levels.
You also visited: Sewer.

You collected 4417 gold pieces.
You spent 3558 gold pieces at shops.

Inventory:

Missiles
 g - 5 curare-tipped darts
 h - 3 throwing nets
 x - 9 darts of dispersal
 G - 20 boomerangs (quivered)
 J - 24 large rocks
 O - 3 datura-tipped darts
 U - 8 javelins
Armour
 e - a +0 kite shield of resistance (worn)
 n - quicksilver dragon scales (worn)
 s - a +2 cloak (worn)
 Q - the +3 crown of Dyrovepreva (worn) {rElec Int+2 SInv}
   (You bought it in a shop on level 2 of the Snake Pit)

   Int+2:     It affects your intelligence (+2).
   rElec:     It insulates you from electricity.
   SInv:      It lets you see invisible.
Magical Staves
 a - a staff of conjuration (weapon)
 w - a staff of poison
 K - a staff of cold
 M - a staff of death
 V - a staff of fire
Jewellery
 c - a ring of protection from fire
 f - an amulet of reflection (around neck)
 z - a ring of magical power (right hand)
 E - a ring of poison resistance
 H - a ring of flight
 P - the ring of Deonwid (left hand) {Will+ Dex+2}
   (You found it on level 10 of the Dungeon)

   [ring of willpower]

   Dex+2:     It affects your dexterity (+2).
   Will+:     It increases your willpower.
 T - a ring of protection from cold
Wands
 j - a wand of roots (10)
 r - a wand of mindburst (12)
 y - a wand of digging (13)
 C - a wand of polymorph (10)
 F - a wand of charming (10)
 S - a wand of acid (22)
Scrolls
 i - 5 scrolls of vulnerability
 k - 3 scrolls of revelation
 m - 2 scrolls of silence
 o - 3 scrolls of fog
 q - 3 scrolls of summoning
 u - 6 scrolls of immolation
 A - 5 scrolls of fear
 I - 2 scrolls of blinking
 N - a scroll of poison
 R - 9 scrolls of teleportation
Potions
 b - a potion of resistance
 d - 5 potions of lignification
 l - 2 potions of haste
 p - a potion of magic
 t - 5 potions of brilliance
 v - 10 potions of curing
 B - 4 potions of heal wounds
 W - 2 potions of attraction
 X - 2 potions of cancellation
 Y - 3 potions of might
 Z - 4 potions of invisibility
Miscellaneous
 D - a phantom mirror
 L - a phial of floods


   Skills:
 - Level 17.0 Fighting
 - Level 12.0 Staves
 - Level 9.0 Throwing
 - Level 9.1 Armour
 - Level 10.0 Dodging
 - Level 1.4 Stealth
 - Level 11.1 Shields
 - Level 12.0 Spellcasting
 - Level 12.0 Conjurations
 - Level 2.0 Hexes
 - Level 4.0 Translocations
 - Level 2.0 Transmutations
 - Level 10.0 Fire Magic
 - Level 9.0 Ice Magic
 + Level 12.1 Air Magic
 - Level 6.0 Earth Magic
 - Level 8.3 Poison Magic
 - Level 8.6 Evocations


You couldn't memorise any spells.
You knew the following spells:

 Your Spells              Type           Power      Damage    Failure   Level
a - Starburst             Conj/Fire      39%        6d11      6%          6
b - Poisonous Vapours     Pois/Air       100%       N/A       1%          2
c - Conjure Ball Lightni  Conj/Air       41%        3x3d13    4%          6
d - Arcjolt               Conj/Air       41%        1d51      1%          5
e - Ignite Poison         Fire/Tmut/Pois 47%        N/A       1%          3
f - Olgreb's Toxic Radia  Pois           53%        N/A       1%          4
g - Static Discharge      Conj/Air       100%       3-8/arc   1%          2
h - Freezing Cloud        Conj/Ice/Air   39%        6-21      1%          5
i - Fulminant Prism       Conj/Hex       32%        3d16      2%          4
j - Blink                 Tloc           66%        N/A       3%          2
k - Airstrike             Air            32%        2d(5-21)  1%          4
l - Sandblast             Erth           86%        2d18      1%          1

Your spell library contained the following spells:

 Spells                   Type           Power      Damage    Failure   Level
 Ignition                 Fire           29%        3d9       96%         8
 Chain Lightning          Conj/Air       41%        3d55      100%        9
 Shatter                  Erth           21%        3d19*     100%        9
 Freeze                   Ice            100%       1d10      1%          1
 Sting                    Tmut/Pois      100%       1d8       1%          1
 Cigotuvi's Dreadful Rot  Necr/Pois/Air  94%        N/A       1%          2
 Momentum Strike          Conj/Tloc      100%       3d10      1%          2
 Dazzling Flash           Conj/Hex       100%       N/A       1%          3
 Frozen Ramparts          Ice            100%       1d16      1%          3
 Hailstorm                Conj/Ice       77%        3d13      1%          3
 Inner Flame              Hex/Fire       43%        N/A       1%          3
 Mephitic Cloud           Conj/Pois/Air  79%        N/A       1%          3
 Stone Arrow              Conj/Erth      100%       3d13      1%          3
 Lesser Beckoning         Tloc           66%        N/A       3%          2
 Vhi's Electric Charge    Tloc/Air       100%       N/A       4%          4
 Necrotise                Necr           56%        1d6       13%         1
 Summon Ice Beast         Ice/Summ       36%        N/A       21%         4
 Silence                  Hex/Air        24%        N/A       21%         5
 Leda's Liquefaction      Hex/Erth       16%        N/A       26%         4
 Animate Armour           Summ/Erth      56%        N/A       36%         4
 Yara's Violent Unravell  Hex/Tmut       12%        3d7       36%         5
 Eringya's Noxious Bog    Tmut/Pois      19%        4d6       50%         6
 Dispel Undead            Necr           14%        3d10      78%         4
 Maxwell's Capacitive Co  Air            32%        ∞         80%         8
 Summon Forest            Summ/Tloc      12%        N/A       85%         5
 Summon Mana Viper        Hex/Summ       19%        N/A       94%         5
 Simulacrum               Ice/Necr       18%        N/A       97%         6
 Agony                    Necr           14%        N/A       98%         5
 Lehudib's Crystal Spear  Conj/Erth      36%        10d9      99%         8
 Death Channel            Necr           7%         N/A       100%        6
 Enfeeble                 Hex            12%        N/A       100%        7
 Monstrous Menagerie      Summ           7%         N/A       100%        7
 Summon Hydra             Summ           7%         N/A       100%        7
 Discord                  Hex            12%        N/A       100%        8
 Disjunction              Tloc           16%        N/A       100%        8


Dungeon Overview and Level Annotations

Branches:
Dungeon (15/15)            Temple (1/1) D:5            Lair (5/5) D:8
 Shoals (4/4) Lair:2        Snake (4/4) Lair:2        Slime (0/5) Lair:5
    Orc (2/2) D:10            Elf (0/3) Orc:2        Vaults (4/5) D:14
  Crypt (0/3) Vaults:3     Depths (0/4) D:15          Sewer (visited)

Altars:
Ashenzari
Cheibriados
Dithmenos
Elyvilon
Fedhas
Gozag
Hepliaklqana
Kikubaaqudgha
Makhleb
Nemelex Xobeh
Okawaru
Qazlal
Ru
Sif Muna
Trog
Uskayaw
Vehumet
Wu Jian
Xom
Yredelemnul
Zin
The Shining One
Jiyva

Shops:
D:3 [   D:7 *   D:10 ??=   D:13 [   Orc:1 (   Orc:2 !*[:   Shoals:3 !
Shoals:4 *   Snake:2 :[(   Snake:3 ?   Snake:4 =(   Vaults:1 *   Vaults:3 ?
Vaults:4 (

Annotations:
D:14 3 runed translucent doors, 1 transporter, Cadaeck's ghost, journeyman GrFi
Temple 2 transporters
Shoals:4 Bai Suzhen
Snake:2 3 runed translucent doors, Uramy's ghost, journeyman GrFi; bakla's ghost, adept HuHu
Vaults:2 1 exclusion


Innate Abilities, Weirdness & Mutations

You are too large for most types of armour.
You have tough skin. (AC +1)


Message History

The deep elf knight convulses!
Your body is wracked with pain!
* * * LOW HITPOINT WARNING * * *
You hear a loud "Zot"! x2
The deep elf knight hits you with a +1 long sword of electrocution!
* * * LOW HITPOINT WARNING * * *
You hear a loud "Zot"!
You see here 30 gold pieces.
Blink to where?
Press: ? - help, Dir - move target
As you read the scroll of blinking, it crumbles to dust.
You block the deep elf knight's attack.
You hear a loud "Zot"!
The Ice Fiend gestures at you. The bolt of cold hits you! You resist.
* * * LOW HITPOINT WARNING * * *
You hear a loud "Zot"!
The power of Zot is invoked against you!
You suddenly lose the ability to move!
The deep elf knight hits you but does no damage.
The centaur warrior wields a +3 orcbow.
The centaur warrior shoots an arrow.
The arrow completely misses you.
The Ice Fiend calls on the powers of darkness!
The arcanist convulses!
The shadow dragon convulses!
The green ugly thing convulses!
The deep elf knight convulses!
Your body is wracked with pain!
* * * LOW HITPOINT WARNING * * *
The deep elf knight hits you but does no damage.
You hear a loud "Zot"!
The green ugly thing pecks you but does no damage.
The deep elf knight hits you but does no damage.
The arcanist gestures wildly while chanting.
The arcanist blinks!
The wraith hits you!
* * * LOW HITPOINT WARNING * * *
The wraith drains your vigour!
You feel yourself slow down.
You hear a loud "Zot"!
The power of Zot is invoked against you!
You feel dopey.
The deep elf knight casts a spell at you.
The shard of ice hits you! You partially resist.
You die...

#...##.# #^.#.......# ^ #.
....##.# ##.#..*....#.# #.
....##.# ##.^.^^.^..#
########. ....##.###
#.^.^^^^^.# #........
.........# #..^^p..#
#.####### ....###..#
###H#'### ###.######
....#....# #"^)^1^)#
#........# ..#......##
#^§euc?^# #.#.####.#
#...#.....# #$^W@$^=# #.#.#
#.# .#..#.....# #########
#.#.# #.## .[.>#.....#
####### #.#.# #...
..........#############.#.#
####
................©.##....#'##
.......#...........#.......#
......)#.......#...........#
.......#.......##..........#
.......#...................#


You could see an Ice Fiend, a green ugly thing, a centaur warrior, a manticore,
a deep elf knight (fast, invisible), an arcanist and a wraith.

Vanquished Creatures
  Jorgrun (D:15)
  5 sphinxes
  4 krakens
  Frances (D:13)
  3 nagarajas
  Aizul (Snake:3)
  A fire giant (Vaults:4)
  14 vault wardens
  Louise (Snake:3)
  A frost giant (Vaults:4)
  4 orc warlords
  A war gargoyle (Vaults:4)
  9 ironbound preservers
  A stone giant (Vaults:3)
  10 ironbound thunderhulks
  3 formless jellyfish
  The ghost of Zekheivah the Black Belt, a journeyman MeSh of Nemelex Xobeh (Lair:4)
  8 dire elephants
  Azrael (D:14)
  A deep elf annihilator (Vaults:4)
  A minotaur (Lair:4)
  5 yaktaur captains
  9 merfolk impalers
  A merfolk javelineer (Shoals:4)
  A deep elf high priest (Vaults:3)
  2 fire dragons
  5 great orbs of eyes
  4 entropy weavers
  A peacekeeper (Vaults:4)
  A rakshasa (D:15)
  An ice dragon (Shoals:1)
  3 hydras
  3 catoblepae
  13 vault guards
  2 merfolk aquamancers
  6 boulder beetles
  25 centaur warriors
  9 ironbound frosthearts
  4 ogre magi (Orc:2)
  4 merfolk avatars
  5 salamander tyrants
  19 anacondas
  20 naga warriors
  5 satyrs
  A satyr (shapeshifter) (D:15)
  2 alligator snapping turtles
  5 tengu warriors
  19 naga sharpshooters
  2 orc high priests
  14 shock serpents
  20 two-headed ogres
  Nergalle (Orc:1)
  6 skysharks
  Amaemon (Lair:3)
  7 salamander mystics
  12 naga ritualists
  Lodul (D:13)
  19 deep trolls
  6 sea snakes
  8 orc knights
  13 lindwurms
  16 ironbound convokers
  7 arcanists
  33 harpies
  14 mana vipers
  6 deep elf pyromancers
  A wolf spider (Lair:5)
  25 ugly things
  2 orc sorcerers (Orc:1)
  6 manticores
  4 cyclopes
  15 fauns
  11 elephants
  23 salamanders
  A kobold blastminer (Orc:1)
  5 merfolk sirens
  22 vault sentinels
  59 black mambas
  5 torpor snails (Lair:5)
  17 guardian serpents
  A water nymph (Shoals:4)
  An orange demon (Lair:3)
  17 naga magi
  A gargoyle (D:12)
  Psyche (D:9)
  14 cane toads
  9 komodo dragons
  An efreet (D:15)
  7 rime drakes
  34 yaktaurs
  An unseen horror (D:12)
  A tengu conjurer (D:15)
  6 wind drakes
  32 merfolk
  A meliai (shapeshifter) (D:13)
  4 trolls
  10 hornets
  A polar bear (Lair:1)
  3 tyrant leeches (Lair:5)
  A tarantella (Vaults:3)
  13 blink frogs
  22 dream sheep
  5 snapping turtles
  41 slime creatures
  2 culicivoras (Vaults:1)
  A jumping spider (Vaults:1)
  2 wraiths
  14 wyverns
  12 water elementals
  3 shadows
  2 vampires
  7 basilisks
  7 humans (D:14)
  3 fire elementals (D:14)
  72 yaks
  8 redbacks
  5 vampire mosquitoes
  2 steam dragons
  5 wargs
  An acid dragon (D:8)
  29 water moccasins
  A hell hound (D:14)
  44 nagas
  23 orc warriors
  A sky beast (D:6)
  7 black bears
  3 ice beasts
  18 wolves
  9 centaurs
  3 boggarts (Vaults:1)
  31 ogres
  2 phantoms
  2 kobold brigands
  14 bullfrogs
  2 gnoll sergeants
  4 scorpions
  8 wights
  8 howler monkeys
  13 killer bees
  6 electric eels
  4 crimson imps (D:7)
  17 orc priests
  2 gnoll boudas
  2 hounds
  2 jellies
  2 iguanas
  3 sleepcaps
  24 orc wizards
  12 human skeletons (Vaults:4)
  A mummy (D:7)
  7 adders
  14 gnolls
  4 river rats (Sewer)
  A shadow imp (D:7)
  4 white imps
  2 ufetubi (D:5)
  A worm (D:5)
  72 orcs
  2 ball pythons (D:4)
  A bat zombie (D:8)
  5 endoplasms
  A giant cockroach (D:3)
  10 goblins
  7 hobgoblins
  3 jackals (Sewer)
  3 quokkas (D:5)
  11 bats
  A frilled lizard (D:2)
  15 kobolds
  6 rats
  2 rat zombies (D:8)
  A fulminant prism (D:11)
  11 tentacles
1483 creatures vanquished.

Vanquished Creatures (collateral kills)
  A wraith (D:5)
  An adder (D:5)
2 creatures vanquished.

Vanquished Creatures (others)
  15 ball lightnings
  34 fulminant prisms
  19 tentacles
68 creatures vanquished.

Grand Total: 1553 creatures vanquished

Notes
Turn   | Place    | Note
-------+----------+-------------------------------------------
     0 | D:1      | ParallaxScroll the Ogre Venom Mage began the quest for the
                  | Orb.
     0 | D:1      | Reached XP level 1. HP: 16/16 MP: 3/3
     9 | D:1      | Reached skill level 1 in Transmutations
   199 | D:1      | Reached XP level 2. HP: 24/24 MP: 1/5
   587 | D:1      | Learned a level 2 spell: Poisonous Vapours
  1157 | D:2      | Reached XP level 3. HP: 30/32 MP: 3/6
  1336 | D:2      | Reached skill level 1 in Fighting
  1373 | D:2      | Found a shadowy altar of Dithmenos.
  1716 | D:3      | Reached skill level 1 in Staves
  1761 | D:3      | Found a faded altar of an unknown god.
  1765 | D:3      | Reached skill level 1 in Air Magic
  1853 | D:3      | Reached skill level 2 in Fighting
  2012 | D:3      | Reached XP level 4. HP: 40/44 MP: 0/7
  2026 | D:3      | Found a glowing drain.
  2076 | Sewer    | Entered a sewer
  2219 | Sewer    | Reached skill level 3 in Fighting
  2398 | Sewer    | Noticed a kobold brigand
  2647 | D:3      | Found Dooliz's Armour Shop.
  2882 | D:4      | Reached XP level 5. HP: 53/53 MP: 5/8
  3017 | D:3      | Bought a +2 cloak for 198 gold pieces
  4159 | D:5      | Entered Level 5 of the Dungeon
  4198 | D:5      | Found a staircase to the Ecumenical Temple.
  4219 | Temple   | Found a transporter.
  4219 | Temple   | Found a transporter.
  4219 | Temple   | Found a transporter.
  4219 | Temple   | Found a transporter.
  4219 | Temple   | Entered the Ecumenical Temple
  4237 | Temple   | Became a worshipper of Vehumet
  4258 | D:5      | Noticed a water moccasin
  4262 | D:5      | Killed a water moccasin
  4263 | D:5      | Reached skill level 4 in Fighting
  4263 | D:5      | Reached skill level 1 in Evocations
  4263 | D:5      | Reached XP level 6. HP: 62/62 MP: 7/9
  4445 | D:5      | Reached skill level 1 in Throwing
  4515 | D:5      | Learned a level 3 spell: Mephitic Cloud
  4650 | D:5      | Reached skill level 1 in Conjurations
  5026 | D:5      | Reached XP level 7. HP: 70/70 MP: 5/10
  5442 | D:5      | Noticed a wraith
  5457 | D:5      | Killed a wraith
  5659 | D:5      | Found a bloodstained altar of Trog.
  5749 | D:6      | Reached XP level 8. HP: 48/78 MP: 3/11
  6584 | D:6      | Reached * piety under Vehumet
  6584 | D:6      | Offered knowledge of Sandblast by Vehumet.
  6633 | D:6      | Learned a level 1 spell: Sandblast
  6862 | D:6      | Reached skill level 1 in Earth Magic
  7054 | D:6      | Found a blossoming altar of Fedhas.
  7165 | D:6      | Found a blossoming altar of Fedhas.
  7773 | D:6      | Reached skill level 5 in Poison Magic
  7780 | D:6      | Learned a level 3 spell: Ignite Poison
  7989 | D:6      | Reached skill level 1 in Fire Magic
  7989 | D:6      | Reached XP level 9. HP: 65/85 MP: 6/13
  8516 | D:7      | Found an opulent altar of Gozag.
  8517 | D:7      | Found Gozag's Platinum Reserve.
  9212 | D:7      | Found a shimmering altar of Xom.
  9225 | D:7      | Reached skill level 5 in Fighting
  9808 | D:7      | Found a snail-covered altar of Cheibriados.
  9819 | D:7      | Reached ** piety under Vehumet
  9825 | D:7      | Learned a level 4 spell: Olgreb's Toxic Radiance
 10401 | D:7      | Offered knowledge of Scorch by Vehumet.
 11175 | D:8      | Reached skill level 5 in Staves
 11334 | D:9      | Reached XP level 10. HP: 88/98 MP: 11/16
 11352 | D:9      | Reached skill level 6 in Fighting
 11647 | D:9      | Noticed Psyche
 11661 | D:9      | Killed Psyche
 11662 | D:9      | Reached skill level 7 in Fighting
 11726 | D:9      | Identified the +8 hand axe of Diet Blood {speed, Drain
                  | Dex+4}
 12066 | D:9      | Offered knowledge of Static Discharge by Vehumet.
 12595 | D:9      | Found an ornate altar of the Wu Jian Council.
 12996 | D:10     | Entered Level 10 of the Dungeon
 12997 | D:10     | Identified the ring of Deonwid {Will+ Dex+2}
 13005 | D:10     | Reached skill level 5 in Spellcasting
 13108 | D:10     | Reached skill level 8 in Fighting
 13381 | D:10     | Reached *** piety under Vehumet
 13451 | D:10     | Found Omom's Jewellery Shoppe.
 13499 | D:10     | Identified the +7 rapier of the Arena {antimagic, rPois rN+
                  | rCorr}
 13579 | D:10     | Upgraded the game from 0.31-a0-1163-gcee99d1eea to
                  | 0.31-a0-1165-g196b491b36
 13717 | D:10     | Found Seaps's Magic Scroll Emporium.
 13743 | D:10     | Bought a scroll of brand weapon for 114 gold pieces
 13744 | D:10     | Bought a scroll of enchant weapon for 90 gold pieces
 13745 | D:10     | Bought a scroll of identify for 24 gold pieces
 13879 | D:10     | Found a staircase to the Orcish Mines.
 13996 | D:10     | Reached skill level 1 in Ice Magic
 13999 | D:10     | Reached XP level 11. HP: 101/113 MP: 10/20
 14133 | D:10     | Reached skill level 9 in Fighting
 14438 | D:10     | Learned a level 2 spell: Static Discharge
 14444 | D:10     | Learned a level 5 spell: Freezing Cloud
 14480 | D:10     | Found a shimmering blue altar of Sif Muna.
 14598 | D:10     | Found Lioseps's Magic Scroll Boutique.
 14605 | D:10     | Offered knowledge of Fulminant Prism by Vehumet.
 14740 | D:10     | Bought a scroll of teleportation for 33 gold pieces
 14781 | D:10     | Bought a scroll of teleportation for 36 gold pieces
 14908 | D:11     | Noticed a two-headed ogre
 14931 | D:11     | Noticed a two-headed ogre
 14931 | D:11     | Noticed a two-headed ogre
 15008 | D:11     | Killed a two-headed ogre
 15025 | D:11     | Killed a two-headed ogre
 15103 | D:11     | Learned a level 4 spell: Fulminant Prism
 15470 | D:11     | Noticed a boulder beetle
 15484 | D:11     | Killed a boulder beetle
 15485 | D:11     | Reached skill level 1 in Hexes
 16209 | D:11     | Killed a two-headed ogre
 16210 | D:11     | Reached skill level 5 in Conjurations
 16512 | D:12     | Noticed a manticore
 16522 | D:11     | Killed a manticore
 17591 | D:12     | Reached XP level 12. HP: 123/123 MP: 21/24
 17838 | D:13     | Noticed a tengu warrior
 17939 | D:13     | Reached **** piety under Vehumet
 18023 | D:13     | Noticed Frances
 18128 | D:9      | Reached skill level 5 in Dodging
 18128 | D:9      | Reached skill level 5 in Air Magic
 18387 | D:8      | Noticed a two-headed ogre
 18392 | D:8      | Killed a two-headed ogre
 18589 | D:8      | Offered knowledge of Iskenderun's Battlesphere by Vehumet.
 19012 | D:7      | Found an opulent altar of Gozag.
 19017 | D:7      | Found Gozag's Platinum Reserve.
 19180 | D:7      | Found a snail-covered altar of Cheibriados.
 19517 | D:7      | Found a shimmering altar of Xom.
 19980 | D:8      | Found a staircase to the Lair.
 20060 | D:8      | Found a sparkling altar of Nemelex Xobeh.
 20681 | D:8      | Found an ancient bone altar of Kikubaaqudgha.
 20734 | D:8      | Found a sparkling altar of Nemelex Xobeh.
 20906 | D:8      | Found a staircase to the Lair.
 21167 | Lair:1   | Entered Level 1 of the Lair of Beasts
 21179 | Lair:1   | Reached skill level 1 in Armour
 21679 | Lair:1   | Learned a level 2 spell: Blink
 21811 | Lair:1   | Reached skill level 1 in Translocations
 22049 | Lair:1   | Reached ***** piety under Vehumet
 22739 | Lair:1   | Reached XP level 13. HP: 123/131 MP: 15/26
 22977 | Lair:1   | Reached skill level 5 in Armour
 23849 | Lair:1   | Reached skill level 5 in Ice Magic
 23941 | Lair:2   | Got Fochei's Writings on Decaying Silt
 24010 | Lair:2   | Offered knowledge of Flame Wave by Vehumet.
 25010 | Lair:2   | Found a staircase to the Shoals.
 25467 | Lair:3   | Noticed Amaemon
 25478 | Lair:3   | Killed Amaemon
 25479 | Lair:3   | Reached skill level 10 in Fighting
 25612 | Lair:3   | You fall into a shaft and drop 2 floors!
 25612 | Lair:5   | Entered Level 5 of the Lair of Beasts
 25656 | Lair:4   | Noticed Sonja
 25657 | Lair:4   | Sonja changed into Sonja the rime drake
 25657 | Lair:4   | Noticed Sonja
 25660 | Lair:4   | Killed Sonja the rime drake
 25994 | Lair:5   | Reached skill level 11 in Fighting
 26062 | Lair:5   | Got the Secrets of the Charnel Lithosphere
 26153 | Lair:5   | Reached XP level 14. HP: 123/146 MP: 27/27
 26546 | Lair:3   | Noticed Zekheivah's ghost (journeyman MeSh)
 26774 | Lair:3   | Found a runed translucent gate.
 26774 | Lair:3   | Found a runed translucent gate.
 26774 | Lair:3   | Found a runed translucent gate.
 28432 | Lair:4   | Offered knowledge of Airstrike by Vehumet.
 28447 | Lair:4   | Learned a level 4 spell: Airstrike
 28758 | Lair:4   | Reached skill level 12 in Fighting
 29900 | Lair:5   | Identified the +3 dagger "Xilorhudgh" {flame, rF+ Str-3
                  | Int+3 Dex+3}
 30342 | Lair:5   | Found a staircase to the Slime Pits.
 31177 | Lair:5   | Reached XP level 15. HP: 142/156 MP: 28/28
 33255 | D:10     | Bought a scroll of revelation for 90 gold pieces
 33261 | D:10     | Bought a ring of see invisible for 225 gold pieces
 33278 | Orc:1    | Entered Level 1 of the Orcish Mines
 33278 | Orc:1    | Noticed an orc warlord
 33281 | Orc:1    | Offered knowledge of Conjure Ball Lightning by Vehumet.
 33285 | Orc:1    | Noticed Nergalle
 33287 | Orc:1    | Killed an orc warlord
 33294 | D:10     | Reached skill level 13 in Fighting
 33450 | Orc:1    | Killed Nergalle
 33680 | Orc:2    | Entered Level 2 of the Orcish Mines
 33813 | Orc:2    | Found a staircase to the Elven Halls.
 34065 | Orc:2    | Reached skill level 10 in Spellcasting
 34353 | Orc:2    | Reached skill level 14 in Fighting
 34859 | Orc:1    | Found Roony's Antique Weapon Shoppe.
 35025 | Orc:2    | Found Myanor's Assorted Antiques.
 35025 | Orc:2    | Found Ocoriw's Distillery.
 35026 | Orc:2    | Found Joaxiust's Book Shop.
 35026 | Orc:2    | Found Bus Zisa's Antique Armour Emporium.
 35419 | Orc:2    | Bought a potion of curing for 45 gold pieces
 35419 | Orc:2    | Bought a potion of curing for 45 gold pieces
 35420 | Orc:2    | Bought a potion of curing for 72 gold pieces
 35420 | Orc:2    | Bought a potion of invisibility for 192 gold pieces
 35420 | Orc:2    | Bought a scroll of summoning for 228 gold pieces
 35540 | D:13     | Reached skill level 5 in Evocations
 36040 | D:13     | Reached skill level 1 in Shields
 36112 | D:13     | Offered knowledge of Ozocubu's Refrigeration by Vehumet.
 36262 | D:13     | Found Goxiu's Armour Shop.
 36534 | D:13     | Noticed Lodul
 36542 | D:13     | Killed Lodul
 36871 | Lair:2   | Found a staircase to the Snake Pit.
 37002 | D:10     | Bought a ring of protection from cold for 375 gold pieces
 37118 | Shoals:1 | Entered Level 1 of the Shoals
 37215 | Shoals:1 | Reached XP level 16. HP: 172/172 MP: 25/30
 38190 | Shoals:1 | Noticed a kraken
 38506 | Shoals:2 | Noticed a kraken
 38617 | Snake:1  | Entered Level 1 of the Snake Pit
 39142 | D:13     | Killed Frances
 39143 | D:13     | Reached skill level 5 in Shields
 39294 | D:13     | Found Goxiu's Armour Shop.
 39751 | D:14     | Found a runed translucent gate.
 39751 | D:14     | Found a runed translucent gate.
 39801 | D:14     | Found a viscous altar of Jiyva.
 39801 | D:14     | Found a runed translucent gate.
 39801 | D:14     | Noticed Cadaeck's ghost (journeyman GrFi)
 39801 | D:14     | Noticed a rockslime
 39802 | D:14     | Noticed an acid blob
 40100 | D:14     | Noticed Azrael
 40114 | D:14     | Killed Azrael
 40583 | D:14     | Offered knowledge of Lee's Rapid Deconstruction by Vehumet.
 40656 | D:14     | Found a transporter.
 40827 | D:14     | Found a transporter.
 40843 | D:14     | Found a gate to the Vaults.
 41274 | D:15     | Entered Level 15 of the Dungeon
 42035 | D:15     | Noticed Jorgrun
 42042 | D:15     | Killed Jorgrun
 43227 | D:15     | Found a staircase to the Depths.
 43536 | D:15     | Upgraded the game from 0.31-a0-1165-g196b491b36 to
                  | 0.31-a0-1172-g9944ec47dd
 44338 | Shoals:2 | Noticed a kraken
 44423 | Shoals:2 | Reached XP level 17. HP: 180/180 MP: 25/31
 44530 | Shoals:2 | Killed a kraken
 44531 | Shoals:2 | Reached skill level 10 in Shields
 45270 | Shoals:3 | Offered knowledge of Starburst by Vehumet.
 45685 | Shoals:3 | Noticed a kraken
 45693 | Shoals:3 | Killed a kraken
 45836 | Shoals:3 | Found Tatoes's Distillery.
 45984 | Shoals:3 | Reached skill level 5 in Fire Magic
 46664 | Shoals:3 | Noticed a kraken
 46672 | Shoals:3 | Killed a kraken
 46967 | Shoals:4 | Entered Level 4 of the Shoals
 47158 | Shoals:3 | Learned a level 6 spell: Starburst
 47569 | Shoals:4 | Noticed Bai Suzhen
 47850 | Shoals:1 | Killed a kraken
 48308 | Shoals:1 | Identified the +1 animal skin of the Trout {rC+ rN+ rCorr
                  | Str-5}
 49688 | Snake:1  | Offered knowledge of Maxwell's Capacitive Coupling by
                  | Vehumet.
 50191 | Snake:1  | Reached XP level 18. HP: 189/189 MP: 32/32
 51381 | Snake:2  | Found a runed translucent gate.
 51537 | Snake:2  | Found a runed translucent gate.
 51538 | Snake:2  | Found a runed translucent gate.
 51540 | Snake:2  | Noticed bakla's ghost (adept HuHu)
 51540 | Snake:2  | Noticed Uramy's ghost (journeyman GrFi)
 51585 | Snake:2  | Reached skill level 10 in Air Magic
 51749 | Snake:2  | Found Togotouc's Book Boutique.
 52129 | Snake:2  | Reached skill level 5 in Throwing
 52235 | Snake:2  | Reached skill level 10 in Conjurations
 52664 | Snake:2  | Found Owaa's Armour Shop.
 52666 | Snake:2  | Found Feon's Antique Weapon Boutique.
 52737 | Snake:2  | Bought the +3 crown of Dyrovepreva {rElec Int+2 SInv} for
                  | 745 gold pieces
 52737 | Snake:2  | Found the +3 crown of Dyrovepreva {rElec Int+2 SInv}
 54212 | Snake:3  | Noticed Louise
 54220 | Snake:3  | Killed Louise
 54339 | Snake:3  | Reached ****** piety under Vehumet
 54921 | Snake:3  | Offered knowledge of Shatter by Vehumet.
 54921 | Snake:3  | Offered knowledge of Chain Lightning by Vehumet.
 54921 | Snake:3  | Offered knowledge of Ignition by Vehumet.
 55021 | Snake:3  | Found Givvio's Magic Scroll Shop.
 55024 | Snake:3  | Bought a scroll of blinking for 82 gold pieces
 55224 | Snake:3  | Identified the +0 robe "Ahidil" {rF+ Regen+ Dex+3}
 55438 | Snake:3  | Identified the serpent talisman "Wikkorph" {Fly rCorr
                  | Str-3}
 55438 | Snake:3  | Noticed Aizul
 55554 | Snake:3  | Killed Aizul
 56174 | Snake:4  | Entered Level 4 of the Snake Pit
 56217 | Snake:3  | Reached skill level 10 in Staves
 56406 | Snake:4  | Reached XP level 19. HP: 197/197 MP: 34/34
 56668 | Snake:4  | Found Pyepsic's Weapon Emporium.
 56738 | Snake:4  | Reached skill level 5 in Earth Magic
 58941 | Snake:4  | Found Ecvumem's Jewellery Boutique.
 66107 | Snake:4  | Got a serpentine rune of Zot
 66342 | Snake:2  | Bought a book of Chaos for 850 gold pieces
 66349 | Snake:2  | Learned a level 6 spell: Conjure Ball Lightning
 66531 | Shoals:4 | Found Iguigy's General Store.
 67112 | Shoals:4 | Bought a scroll of teleportation for 63 gold pieces
 67518 | Shoals:4 | Got a barnacled rune of Zot
 67706 | Lair:4   | Killed Zekheivah's ghost
 68678 | Vaults:1 | Entered Level 1 of the Vaults
 68981 | Vaults:1 | Reached XP level 20. HP: 208/208 MP: 31/36
 69228 | Vaults:1 | Paralysed by a formless jellyfish for 1 turns
 71284 | Vaults:1 | Reached skill level 10 in Fire Magic
 72062 | Vaults:1 | Found Wasy's General Store.
 72623 | Vaults:2 | Reached skill level 15 in Fighting
 74551 | Vaults:2 | Reached XP level 21. HP: 219/219 MP: 27/37
 75916 | Vaults:3 | Reached skill level 16 in Fighting
 76442 | Vaults:3 | Identified the +6 orcbow of the Lettuce {drain, rElec rPois
                  | Str-5 Int+4}
 76698 | Vaults:3 | Paralysed by a formless jellyfish for 1 turns
 77328 | Vaults:3 | Found Poqies's Magic Scroll Boutique.
 77337 | Vaults:3 | Bought a scroll of teleportation for 51 gold pieces
 78015 | Vaults:3 | Found a staircase to the Crypt.
 78015 | Vaults:3 | Found a basalt altar of Yredelemnul.
 78051 | Vaults:3 | Found an ancient bone altar of Kikubaaqudgha.
 78234 | Vaults:4 | Found Evvy's Weapon Shop.
 78251 | Vaults:4 | Reached skill level 17 in Fighting
 78810 | Vaults:4 | Found the +7 great mace "Undeadhunter" {deathbane, rN+}
 79451 | Vaults:4 | Reached skill level 10 in Dodging
 79835 | Vaults:4 | Identified a scroll of acquirement
 79836 | Vaults:4 | Acquired Maxwell's Memoranda
 80889 | Lair:1   | Learned a level 5 spell: Arcjolt
 81999 | Vaults:4 | Upgraded the game from 0.31-a0-1172-g9944ec47dd to
                  | 0.31-a0-1237-gabc64e778c
 82231 | D:14     | Paralysed by a Zot trap for 4 turns
 82236 | D:14     | Paralysed by a Zot trap for 5 turns
 82238 | D:14     | HP: 10/212 [wraith (7)]
 82239 | D:14     | Killed from afar by a deep elf knight

Illustrated notes

Levels and vault maps discovered:
D:1:      dpeg_arrival_tiny_g, layout_rooms, serial_forest,
          infiniplex_forest_lined_2, infiniplex_forest_clump_long,
          infiniplex_forest_end_2, infiniplex_forest_lined_1,
          infiniplex_forest_corner_1, infiniplex_forest_diagonal,
          infiniplex_forest_lined_3_way, infiniplex_forest_clump_tiny,
          infiniplex_forest_clump_double, infiniplex_forest_lined_ring
D:2:      layout_loops_ring, basic_altar
D:3:      layout_rooms, chequers_ecumenical_altar_simple, portal_sewer_entry_d,
          serial_shops, nicolae_shop_back_alley_shop
D:4:      layout_loops_corners, kennysheep_cross_room, bh_walls_and_bars
D:5:      cheibrodos_helix_gallery, layout_loops_corners, trog_book,
          minmay_temple_entry_mist
D:6:      layout_rooms, mainiacjoe_overflow_surrounded_room
D:7:      layout_loops_cross, led_xom_imps, nicolae_gozag_zags_fifth_avenue,
          chei_slow_surprise, grunt_tough_drop
D:8:      layout_cave_pools, lemuel_zombie_altar_kikubaaqudgha,
          nemelex_xobeh_ov_fountains_minmay, due_lair_maze_entry_diamond,
          serial_bayou_lake_a
D:9:      layout_cave_pods, nicolae_wu_jian_immortal_techniques, uniq_psyche
D:10:     layout_roguey, mainiacjoe_overflow_catwalk,
          minmay_orc_entry_guard_dogs, serial_shops, shop, shop,
          nicolae_shop_just_a_little_nook, enter_bailey_7
D:11:     layout_long_grid
D:12:     layout_irregular_city, chequers_jeans
D:13:     layout_cave_pools, serial_shops, kennysheep_little_box,
          amethyst_killhole, kennysheep_nondescript, uniq_frances, uniq_lodul
D:14:     gammafunk_its_a_trap, layout_basic, ximxim_vaults_locker_room,
          kennysheep_nub, gammafunk_ghost_ooze, uniq_azrael
D:15:     gammafunk_enter_depths_forms, layout_cave_pods, uniq_jorgrun
Temple:   hellmonk_temple_divided_pantheon
Lair:1:   layout_regular_city, grunt_megastairs_3
Lair:2:   layout_gridlike, elwin_shoals_entry_stream,
          nicolae_snake_entry_squirm, lemuel_another_geyser, grunt_megastairs_4,
          serial_bayou_shore_b
Lair:3:   layout_gridlike, maelrawn_ghost_gauntlet_escape, uniq_amaemon
Lair:4:   layout_regular_city, nicolae_lair_grove_arrangements, uniq_sonja
Lair:5:   hangedman_lair_tendril_chambers, layout_regular_city, wormcave,
          dpeg_slime_entry_corner, dpeg_oklob_1, infiniplex_staircase_pool
Shoals:1: argonaut_golden_fleece, layout_shoals
Shoals:2: layout_shoals, nicolae_shoals_lost_giant_temple
Shoals:3: layout_shoals, serial_shops, nicolae_take_the_stairs
Shoals:4: shoals_end_grunt_garden, layout_shoals, serial_shops, shop,
          ldierk_geyser, uniq_bai_suzhen
Snake:1:  layout_chambers, grunt_megastairs_1
Snake:2:  layout_onion_interference, gammafunk_ghost_cemetery, minmay_shop_star,
          grunt_megastairs_2
Snake:3:  nicolae_aizul_guard, layout_misc_corridors, serial_shops,
          nicolae_shop_behind_doors, uniq_louise
Snake:4:  snake_pit_salamanders_mu, layout_onion, serial_shops, shop, shop,
          lemuel_fruit_tree, grunt_megastairs_5
Orc:1:    layout_caves, serial_shops, shop, nicolae_orc_tapped_out,
          uniq_nergalle
Orc:2:    st_orc_ogre_mass, layout_caves
Vaults:1: v_alt_pattern_4, v_misc_8, v_rooms_5,
          nicolae_vaults_network_quinsquares
          [nicolae_vaults_network_quincunx_subvault,
          nicolae_vaults_network_quincunx_subvault,
          nicolae_vaults_network_quincunx_subvault,
          nicolae_vaults_network_quincunx_subvault],
          nicolae_vaults_mini_display_case, vaults_dpeg_emergency_exit,
          hangedman_vaults_maws, v_misc_5, v_pattern_2,
          nicolae_vaults_little_squares_3, layout_vaults_big_cross,
          serial_shops, shop
Vaults:2: v_pattern_1, ontoclasm_vaults_fault, hangedman_vaults_nodes,
          hangedman_vaults_restitches, hangedman_vaults_slice,
          nicolae_whirlpool, ontoclasm_vaults_ring_square,
          ontoclasm_vaults_twist, vaults_room_boxed,
          nicolae_vaults_little_squares_5, nicolae_vaults_ring_of_whatevers,
          vaults_mumra_minichess_inversion, nicolae_vaults_tetromino_Z_1,
          layout_vaults_big_room
Vaults:3: hangedman_vaults_hard_town_square, minmay_crypt_entry_necro_gods,
          nicolae_vaults_sightless_eye, grunt_vaults_twisty,
          nicolae_vaults_weapon_check, v_misc_16,
          nicolae_vaults_oval_intersection, vaults_mumra_minichess,
          nicolae_vaults_heart-shaped_vault, layout_vaults_quadrants,
          serial_shops, nicolae_shop_tiny_glass
Vaults:4: v_misc_25, nicolae_vaults_specimen_jars, vaults_mumra_chevron,
          nicolae_vaults_disjoint_gnomons, nicolae_vaults_trapezoid_lopsided_4,
          nicolae_vaults_turnstiles, st_lattice, dpeg_vaults_monster_row,
          nicolae_vaults_trapezoid_2, nicolae_vaults_angled_halls,
          nicolae_vaults_alarming, nicolae_vaults_gold_heap,
          nicolae_vaults_surprise_closet, layout_vaults_maze_snakey,
          serial_shops, shop

Skill      XL: |  1  2  3  4  5  6  7  8  9 10 11 12 13 14 15 16 17 18 19 20 21 |
---------------+----------------------------------------------------------------+-----
Transmutations | 1 2 |  2.0
Poison Magic   | 3 4 5 7 8 |  8.3
Fighting       | 2 3 4 5 8 9 11 12 14 15 17 | 17.0
Staves         | 1 2 4 5 7 8 10 11 12 | 12.0
Air Magic      | 1 2 3 4 5 7 8 9 10 11 12 | 12.1
Evocations     | 1 2 3 4 5 6 7 8 |  8.6
Throwing       | 1 5 6 7 9 |  9.0
Conjurations   | 2 4 7 8 9 10 11 12 | 12.0
Dodging        | 2 3 4 5 7 8 9 10 | 10.0
Earth Magic    | 2 4 6 |  6.0
Spellcasting   | 3 4 6 8 9 10 11 12 | 12.0
Fire Magic     | 1 2 9 10 | 10.0
Ice Magic      | 1 4 7 9 |  9.0
Hexes          | 2 |  2.0
Armour         | 4 6 7 8 9 |  9.1
Translocations | 3 4 |  4.0
Shields        | 3 9 10 11 | 11.1
Stealth        | |  1.4

Action                     |  1- 3 |  4- 6 |  7- 9 | 10-12 | 13-15 | 16-18 | 19-21 || total
---------------------------+-------+-------+-------+-------+-------+-------+-------++-------
  Melee: Quarterstaff      |    37 |     7 |       |       |       |       |       ||    44
         Lajatang          |       |    46 |   161 |   151 |    86 |       |       ||   444
         Staff             |       |       |       |     6 |    37 |   196 |   213 ||   452
         Dagger            |       |       |       |       |     3 |     3 |       ||     6
         Punch             |       |       |       |       |       |       |     2 ||     2
  Throw: Stone             |       |     3 |    13 |    14 |       |       |       ||    30
         Boomerang         |       |       |       |       |       |   180 |   169 ||   349
         Large rock        |       |       |       |       |       |     3 |       ||     3
   Cast: Sting             |    49 |    50 |    83 |     7 |    31 |     1 |       ||   221
         Poisonous Vapours |     6 |    19 |    58 |    61 |   200 |   116 |   249 ||   709
         Mephitic Cloud    |       |       |    13 |    31 |    27 |    13 |     1 ||    85
         Sandblast         |       |       |    30 |    15 |    16 |     3 |    11 ||    75
         Ignite Poison     |       |       |     5 |    38 |   137 |   123 |   232 ||   535
         Olgreb's Toxic Ra |       |       |     1 |    70 |    74 |    40 |    42 ||   227
         Freezing Cloud    |       |       |       |    33 |   112 |   219 |   118 ||   482
         Fulminant Prism   |       |       |       |    15 |    10 |    10 |       ||    35
         Static Discharge  |       |       |       |     1 |     7 |     6 |       ||    14
         Airstrike         |       |       |       |       |     2 |    12 |       ||    14
         Starburst         |       |       |       |       |       |    96 |   185 ||   281
         Blink             |       |       |       |       |       |     2 |       ||     2
         Conjure Ball Ligh |       |       |       |       |       |       |     5 ||     5
  Evoke: Wand              |       |     3 |     9 |       |     8 |     2 |     1 ||    23
         Phial of floods   |       |       |       |       |       |     1 |       ||     1
    Use: Scroll            |     6 |     1 |    11 |     9 |     6 |     2 |     7 ||    42
         Potion            |       |       |     2 |       |     1 |     4 |     1 ||     8
   Stab: Confused          |       |       |     2 |     4 |     1 |     1 |       ||     8
         Sleeping          |       |       |       |     1 |       |       |       ||     1
         Petrified         |       |       |       |       |     3 |       |       ||     3
 Armour: Robe              |    32 |    46 |   191 |   107 |       |       |       ||   376
         Quicksilver drago |       |       |       |    10 |   162 |   394 |   429 ||   995
         Acid dragon scale |       |       |       |     3 |       |       |       ||     3
  Dodge: Dodged            |    24 |    31 |   116 |    76 |    77 |   127 |   152 ||   603
  Block: Other             |       |       |       |     1 |    39 |    32 |    27 ||    99
         Reflection        |       |       |       |       |     5 |    34 |    55 ||    94
         Kite shield       |       |       |       |       |       |   176 |   161 ||   337

Table legend: (Time is in decaauts)
 A = Elapsed time spent in this place.
 B = Non-inter-level travel time spent in this place.
 C = Inter-level travel time spent in this place.
 D = Time resting spent in this place.
 E = Time spent auto-exploring this place.
 F = Levels seen in this place.
 G = Mean time per level.
                   A        B        C        D        E       F      G
               +--------+--------+--------+--------+--------+-----+--------+
         Total |  82391 |  66934 |  15457 |  31805 |  25059 |  36 | 2288.6 |
       Dungeon |  28218 |  23305 |   4913 |   9306 |  10626 |  15 | 1881.2 |
        Temple |     38 |      5 |     33 |      2 |      0 |   1 |   38.0 |
          Lair |  14274 |  10667 |   3607 |   3741 |   5105 |   5 | 2854.8 |
        Shoals |   7133 |   4771 |   2362 |   2977 |    848 |   4 | 1783.2 |
     Snake Pit |  17227 |  14910 |   2317 |  10055 |   2839 |   4 | 4306.8 |
  Orcish Mines |   2029 |   1855 |    174 |    730 |    833 |   2 | 1014.5 |
        Vaults |  13100 |  11051 |   2049 |   4721 |   4779 |   4 | 3275.0 |
         Sewer |    369 |    369 |      0 |    273 |     29 |   1 |  369.0 |
               +--------+--------+--------+--------+--------+-----+--------+

Top non-repeatable levels by time:
 Snake:4: 9586 daAuts
     D:7: 4362 daAuts
Vaults:1: 4302 daAuts
  Lair:5: 4223 daAuts
Vaults:2: 3923 daAuts
Shoals:3: 3240 daAuts
  Lair:2: 3134 daAuts
 Snake:1: 3105 daAuts
  Lair:1: 2818 daAuts
 Snake:2: 2707 daAuts
Vaults:3: 2606 daAuts
     D:6: 2476 daAuts
    D:10: 2416 daAuts
Vaults:4: 2267 daAuts
  Lair:3: 2263 daAuts
